cohdb
Replays
Latest Replays
All Replays
Popular Replays
Top Player Replays
Match Explorer
How It Works
Community
CoH3 Stats
Reddit
Sign in to upload your games and track your stats! →
Sign in with Steam
Match 41189600
Unlisted
Match 41189600
Overview
Messages
Build Orders
End
Construct Barracks
Selects Special Operations Battlegroup
Selects M29 Weasel Recon Vehicle
M29 Weasel Recon Vehicle
Engineer Squad
Riflemen Squad
.30 cal Machine Gun
Riflemen Squad
Grenade Package
Selects Raiding Flares
Construct Weapon Support Center
Mechanized Support Center
M3 Armored Personnel Carrier
Selects SSF Commando Squad
SSF Commando Squad
SSF Commando Squad
Engineer Squad
Selects Air Re-supply Operation
Air Re-Supply Operation
Inzanity
Vaelico
Kin0z
Evil_Ambusher
Metalharl
RommelF
^3
Wittman
0
0
Comments
sign in to comment!
No comments posted yet!